 Dungeon Crawl Stone Soup version 0.24-a0-789-g35933f4585 (webtiles) character file.

Game seed: 3642104552481587778, levelgen mode: deterministic

286 Johnny the Digger (level 5, -9/61 HPs)
             Began as a Demigod Earth Elementalist on Oct 10, 2019.
             Mangled by a gnoll
             ... wielding a +2 spear of electrocution
              (10 damage)
             ... on level 3 of the Dungeon.
             The game lasted 00:03:29 (3365 turns).

Johnny the Digger (Demigod Earth Elementalist)      Turns: 3365, Time: 00:03:30

Health: -9/61      AC: 22    Str: 11    XL:     5   Next: 80%
Magic:  11/12      EV:  2    Int: 21    God:
Gold:   167        SH:  0    Dex: 16    Spells: 8/9 levels left

rFire    . . .     SeeInvis .   l - +2 whip (flame)
rCold    . . .     Gourm    .   (no shield)
rNeg     + + +     Faith    .   (armour currently unavailable)
rPois    +         Spirit   .   (helmet currently unavailable)
rElec    .         Reflect  .   (cloak currently unavailable)
rCorr    .         Harm     .   (gloves currently unavailable)
MR       .....     NoTele   +   (boots currently unavailable)
Stlth    ++........             (no amulet)
HPRegen  0.20/turn              (no ring)
MPRegen  0.13/turn              (no ring)

@: tree-form
A: high mp 1
a: no special abilities


You were on level 3 of the Dungeon.
You were not hungry.
You were a tree.
You visited 1 branch of the dungeon, and saw 3 of its levels.

You collected 167 gold pieces.

Inventory:

Hand Weapons
 a - a +0 short sword
 l - a +2 whip of flaming (weapon)
Missiles
 b - 33 stones (quivered)
Armour
 c - a +0 robe (melded)
Scrolls
 f - 2 scrolls of remove curse
 i - a scroll of teleportation {unknown}
Potions
 g - a potion of lignification
Comestibles
 d - 4 rations


   Skills:
 + Level 2.2 Fighting
 + Level 3.0 Dodging
 - Level 1.7 Stealth
 + Level 2.8 Spellcasting
   Level 0.8 Transmutations
 * Level 4.4 Earth Magic


You had 8 spell levels left.
You knew the following spells:

 Your Spells              Type           Power        Failure   Level  Hunger
a - Sandblast             Erth           ###...       2%          1    None

Your spell library contained the following spells:

 Spells                   Type           Power        Failure   Level  Hunger
 Passwall                 Tmut/Erth      ##......     7%          2    ##.....
 Stone Arrow              Conj/Erth      ##....       16%         3    ###....
 Petrify                  Tmut/Erth      ##......     41%         4    ####...
 Lee's Rapid Deconstruct  Erth           ###.......   52%         5    ######.


Dungeon Overview and Level Annotations

Branches:
Dungeon (3/15)

Annotations:
D:3 1 transporter


Innate Abilities, Weirdness & Mutations

You have an increased reservoir of magic. (+10% MP)


Message History

Okay, then.
It was a potion of magic.
Magic courses through your body.
Really quaff the potion of lignification?
You turn into a tree.
Your +0 robe melds into your body.
Your roots penetrate the ground.
The gnoll hits you but does no damage.
You are electrocuted!!
* * * LOW HITPOINT WARNING * * *
The gnoll hits you but does no damage.
Unknown command.
Unknown command.
Casting: Sandblast (safe; 2% risk of failure)
Confirm with . or Enter, or press ? or * to list all spells.
Aiming: Sandblast (safe; 2% risk of failure)
Press: ? - help, Shift-Dir - straight line, f - gnoll
Aim: a gnoll, wielding a +0 flail and carrying a wand of acid (6)
The blast of sand hits the gnoll!
You kill the gnoll!
b - 33 stones The gnoll hits you but does no damage.
You are electrocuted!
You die...

#..≈≈..#.#...#.#.......
#..≈≈.##.##.##.##.≈≈...
#..≈≈.#..#...#..#.≈≈...
#..≈≈.##.#⌠.⌠#.##.≈≈...
#..≈≈..#.#...#.#..≈≈...
##.≈≈###g##'##.###≈≈.#.
#.≈≈#..g........#≈≈.#.
#.≈≈#8)###.###.8#≈≈.#.
#.≈≈#♣.#8###8#..#≈≈.#.
#.≈≈####.....####≈≈.#.
#.≈≈≈≈≈≈≈≈≈≈≈≈≈≈≈≈≈...
#.≈≈≈≈≈≈≈≈≈≈≈≈≈≈≈≈≈.##
#.....................
############..#.......
#.....###.#. #.#####
#.#. #.# #.#.


You could see a gnoll shaman and a gnoll.

Vanquished Creatures
  3 orc priests (D:3)
  2 orc wizards (D:3)
  A gnoll (D:3)
  4 adders
  A worm (D:3)
  3 dart slugs
  11 orcs (D:3)
  2 giant cockroaches
  7 goblins
  11 hobgoblins
  3 jackals (D:2)
  2 ball pythons (D:2)
  8 bats
  5 frilled lizards
  12 kobolds
  4 rats
79 creatures vanquished.

Vanquished Creatures (others)
  6 plants (D:3)
6 creatures vanquished.

Grand Total: 85 creatures vanquished

Notes
Turn   | Place    | Note
-------+----------+-------------------------------------------
     0 | D:1      | Johnny the Demigod Earth Elementalist began the quest for
                  | the Orb.
     0 | D:1      | Reached XP level 1. HP: 14/14 MP: 5/5
   396 | D:1      | Reached skill level 3 in Earth Magic
   396 | D:1      | Reached XP level 2. HP: 7/22 MP: 0/7
   966 | D:2      | Found a hazy altar of Hepliaklqana.
  1070 | D:2      | Found an ornate altar of the Wu Jian Council.
  1196 | D:2      | Reached skill level 1 in Fighting
  1196 | D:2      | Reached XP level 3. HP: 28/28 MP: 5/8
  1625 | D:2      | Found a shadowy altar of Dithmenos.
  1849 | D:2      | Found a shimmering altar of Xom.
  1988 | D:3      | Reached XP level 4. HP: 20/35 MP: 3/10
  2159 | D:3      | Reached skill level 4 in Earth Magic
  2159 | D:3      | Reached XP level 5. HP: 18/41 MP: 0/11
  2562 | D:3      | Found a transporter.
  2570 | D:3      | Found a transporter.
  3364 | D:3      | HP: 1/61 [gnoll/+2 spear of electrocution (18)]
  3365 | D:3      | Mangled by a gnoll

Levels and vault maps discovered:
D:1:      zaba_arrival_water, layout_rooms, kennysheep_pointless_box
D:2:      layout_rooms, marbit_many_paths, overflow_temple_1_default,
          old_standard_altar, lemuel_round_altar
D:3:      layout_loops_ring, gammafunk_ghost_gnarly_gnolls, minmay_misc_feat_x

Skill      XL: |  1  2  3  4  5 |
---------------+----------------+-----
Dodging        | 2 3 |  3.0
Earth Magic    | 3 4 |  4.4
Spellcasting   | 2 |  2.8
Fighting       | 1 2 |  2.2
Stealth        | |  1.7
Transmutations | |  0.8

Action                   |  1- 3 |  4- 6 || total
-------------------------+-------+-------++-------
Melee: Unarmed           |    16 |       ||    16
       Short sword       |    71 |       ||    71
       Whip              |    10 |    54 ||    64
 Cast: Sandblast         |    35 |    47 ||    82
  Use: Potion            |       |     4 ||     4
       Scroll            |       |     3 ||     3
 Stab: Sleeping          |     3 |     1 ||     4
  Eat: Chunk             |     3 |     3 ||     6
       Ration            |       |     1 ||     1
Armor: Robe              |    17 |     7 ||    24
       Skin              |       |     3 ||     3
Dodge: Dodged            |    83 |    69 ||   152

Table legend:
 A = Non-vault XP
 B = Vault XP
 C = Vault XP percentage of total XP
 D = Non-vault monster count
 E = Vault monster count
 F = Vault count percentage of total count
                 A         B        C        D         E       F
            +---------+---------+-------+---------+---------+-------
      Total |     394 |      15 |   3.7 |      77 |       2 |   2.5
            +---------+---------+-------+---------+---------+-------
        D:1 |      27 |       0 |   0.0 |      17 |       0 |   0.0
        D:2 |      66 |       1 |   1.5 |      23 |       1 |   4.2
        D:3 |     301 |      14 |   4.4 |      37 |       1 |   2.6
            +---------+---------+-------+---------+---------+-------
